 Dungeon Crawl Stone Soup version 0.28-a0-1227-ga9037bb4c8 (webtiles) character file.

Game seed: 2648659836546571747

1107 silenth the Cleaver (level 8, -1/73 HPs)
             Began as a Hill Orc Fighter on Dec 22, 2021.
             Was an Initiate of Kikubaaqudgha.
             Slain by a gnoll sergeant (4 damage)
             ... on level 6 of the Dungeon.
             The game lasted 00:09:52 (5814 turns).

silenth the Cleaver (Hill Orc Fighter)              Turns: 5814, Time: 00:09:53

Health: -1/73      AC:  8    Str: 21    XL:     8   Next: 33%
Magic:  8/8        EV:  5    Int:  8    God:    Kikubaaqudgha [......]
Gold:   275        SH:  0    Dex: 10    Spells: 7/7 levels left

rFire   . . .      SeeInvis .   a - +0 war axe
rCold   . . .      Faith    .   c - +0 buckler
rNeg    . . .      Spirit   .   b - +0 scale mail
rPois   .          Reflect  .   (no helmet)
rElec   .          Harm     .   n - +0 cloak
rCorr   .          Rampage  .   (no gloves)
Will    .....                   (no boots)
Stlth   ..........              (no amulet)
HPRegen 0.22/turn               w - +4 ring of slaying
MPRegen 0.11/turn               (no ring)

@: held, studying Summonings
A: no striking features
a: Renounce Religion


You were on level 6 of the Dungeon.
You worshipped Kikubaaqudgha.
Kikubaaqudgha was noncommittal.
You visited 2 branches of the dungeon, and saw 7 of its levels.

You collected 275 gold pieces.

Inventory:

Hand Weapons
 a - a +0 war axe (weapon)
 d - a +0 flail
 j - a +3 quarterstaff of chaos
 u - a +0 vorpal mace
Missiles
 o - 6 atropa-tipped darts (quivered)
Armour
 b - a +0 scale mail (worn)
 c - a +0 buckler (worn)
 l - a scarf of resistance
 n - a +0 cloak (worn)
Jewellery
 w - a +4 ring of slaying (left hand)
 x - a ring of ice
Wands
 e - a wand of polymorph (2)
 v - a wand of flame (28)
Scrolls
 f - 2 scrolls of blinking {unknown}
 g - 2 scrolls of teleportation
 h - a scroll of fog
 k - a scroll of noise
 m - a scroll of amnesia
 s - a scroll of immolation {unknown}
 y - a scroll of magic mapping {unknown}
Potions
 p - 3 potions of curing
 r - a potion of attraction
 t - a potion of flight


   Skills:
 + Level 7.5 Fighting
 * Level 10.5 Axes
 - Level 3.2 Armour
 - Level 3.2 Shields


You had 7 spell levels left.
You didn't know any spells.
Your spell library contained the following spells:

 Spells                   Type           Power      Damage    Failure   Level
 Ensorcelled Hibernation  Hex/Ice        0%         N/A       89%         2
 Ozocubu's Armour         Ice            0%         N/A       98%         3
 Spider Form              Tmut/Pois      0%         N/A       98%         3
 Ozocubu's Refrigeration  Ice            0%         4d5       100%        7


Dungeon Overview and Level Annotations

Branches:
Dungeon (6/15)             Temple (1/1) D:6

Altars:
Cheibriados
Elyvilon
Fedhas
Gozag
Hepliaklqana
Kikubaaqudgha
Makhleb
Nemelex Xobeh
Okawaru
Qazlal
Sif Muna
Trog
Vehumet
Wu Jian
Xom
Yredelemnul
Zin
The Shining One


Message History

The gnoll is moderately wounded.
You hit the gnoll. You hit the gnoll sergeant. The gnoll completely misses you.
The gnoll hits you from afar with a +0 spear.
The gnoll sergeant hits you with a +0 trident!
The gnoll hits you but does no damage.
It was a potion of heal wounds.
You feel much better. The gnoll hits you with a +0 whip.
The gnoll throws a throwing net.
The throwing net hits you.
You become entangled in the net!
The gnoll sergeant hits you with a +0 trident!
The gnoll hits you with a +0 flail!
You struggle against the net.
The gnoll hits you but does no damage.
The gnoll hits you from afar with a +0 spear.
The gnoll hits you but does no damage.
The gnoll sergeant hits you with a +0 trident!
The gnoll hits you with a +0 flail.
* * * LOW HITPOINT WARNING * * *
You feel better.
The gnoll hits you but does no damage. x2
The gnoll hits you from afar with a +0 spear.
* * * LOW HITPOINT WARNING * * *
The gnoll sergeant hits you with a +0 trident.
* * * LOW HITPOINT WARNING * * *
The gnoll hits you with a +0 flail.
* * * LOW HITPOINT WARNING * * *
The gnoll hits you but does no damage.
You struggle against the net.
The gnoll hits you with a +0 whip.
* * * LOW HITPOINT WARNING * * *
The gnoll hits you from afar with a +0 spear.
* * * LOW HITPOINT WARNING * * *
The gnoll hits you from afar with a +0 spear.
* * * LOW HITPOINT WARNING * * *
The gnoll sergeant closely misses you. The gnoll closely misses you.
The gnoll hits you but does no damage.
You struggle against the net.
The gnoll hits you with a +0 whip.
* * * LOW HITPOINT WARNING * * *
The gnoll hits you but does no damage.
The gnoll hits you from afar with a +0 spear.
* * * LOW HITPOINT WARNING * * *
The gnoll sergeant hits you with a +0 trident.
You die...
Kikubaaqudgha rasps: "You have failed me!
Welcome... death!"

#..........#
#..........#
#..........#
+..........#
#..........#
#..........#
#....).....#
#......g.g.#
#......@.g.###
#..)...ggg.....
##.......######
#.......#
#.......#
#####'### #.#
#.#
#######'#####


You could see a gnoll sergeant and 5 gnolls.

Vanquished Creatures
  A water moccasin (D:5)
  A centaur (D:6)
  An ice beast (D:6)
  A phantom (D:4)
  A bullfrog zombie (D:6)
  3 hounds
  A jelly (D:6)
  4 orc priests
  Crazy Yiuf (D:4)
  3 bullfrog skeletons
  Natasha (thrice) (D:4)
  An iguana (D:4)
  3 orc wizards
  3 gnolls
  A howler monkey skeleton (D:6)
  3 adders (D:5)
  A shadow imp (D:6)
  2 adder zombies
  2 dart slugs (D:2)
  23 orcs
  6 endoplasms
  A giant cockroach (D:2)
  3 goblins
  9 hobgoblins
  8 jackals (D:1)
  3 quokkas
  5 ball pythons
  3 bats
  3 frilled lizards
  8 kobolds
  5 rats
  2 toadstools (D:1)
115 creatures vanquished.

Vanquished Creatures (others)
  2 toadstools (D:1)
2 creatures vanquished.

Grand Total: 117 creatures vanquished

Notes
Turn   | Place    | Note
-------+----------+-------------------------------------------
     0 | D:1      | silenth the Hill Orc Fighter began the quest for the Orb.
     0 | D:1      | Reached XP level 1. HP: 19/19 MP: 1/1
    11 | D:1      | Reached skill level 3 in Axes
    60 | D:1      | Reached XP level 2. HP: 12/27 MP: 2/2
   346 | D:1      | Found a faded altar of an unknown god.
   395 | D:1      | Reached skill level 4 in Fighting
   451 | D:1      | Reached skill level 4 in Axes
   452 | D:1      | Reached XP level 3. HP: 33/33 MP: 3/3
  1566 | D:3      | Reached XP level 4. HP: 25/41 MP: 4/4
  1568 | D:3      | Reached skill level 5 in Axes
  2008 | D:2      | Reached XP level 5. HP: 17/47 MP: 5/5
  2498 | D:3      | Reached skill level 5 in Fighting
  2498 | D:3      | Reached skill level 6 in Axes
  2542 | D:3      | HP: 4/48 [orc priest (3)]
  2547 | D:3      | Reached XP level 6. HP: 4/56 MP: 6/6
  2547 | D:3      | HP: 1/56 [orc priest (3)]
  3125 | D:4      | Reached skill level 7 in Axes
  3487 | D:4      | Reached skill level 6 in Fighting
  3487 | D:4      | Reached skill level 8 in Axes
  3487 | D:4      | Reached XP level 7. HP: 59/63 MP: 7/7
  3513 | D:4      | Noticed Natasha
  3522 | D:4      | Killed Natasha
  3751 | D:4      | Noticed Natasha
  3767 | D:4      | Killed Natasha
  3790 | D:4      | Found a bloodstained altar of Trog.
  3803 | D:4      | Found a shimmering altar of Xom.
  3850 | D:4      | Noticed Natasha
  3855 | D:4      | Killed Natasha
  3962 | D:4      | Found a runed translucent door.
  3963 | D:4      | Noticed Crazy Yiuf
  3972 | D:4      | Killed Crazy Yiuf
  4274 | D:5      | Entered Level 5 of the Dungeon
  4341 | D:5      | Reached skill level 9 in Axes
  4465 | D:5      | Reached skill level 7 in Fighting
  4969 | D:5      | Reached XP level 8. HP: 68/73 MP: 8/8
  5118 | D:5      | You fall into a shaft and drop 1 floor!
  5143 | D:6      | Reached skill level 10 in Axes
  5232 | D:6      | Found a staircase to the Ecumenical Temple.
  5242 | Temple   | Entered the Ecumenical Temple
  5580 | Temple   | Became a worshipper of Kikubaaqudgha
  5813 | D:6      | HP: 6/73 [gnoll (4)]
  5814 | D:6      | Slain by a gnoll sergeant

Illustrated notes

Levels and vault maps discovered:
D:1:      ldierk_water_garden, layout_rooms, chequers_ecumenical_altar_simple,
          serial_curves, eino_curves_04, eino_curves_03
D:2:      layout_loops_ring
D:3:      layout_loops_ring, kennysheep_boxes
D:4:      layout_basic, nicolae_overflow_squiral, minmay_manual_mess,
          uniq_crazy_yiuf_cottage, uniq_natasha
D:5:      layout_cave_pools, nicolae_ru_sacrificial_ziggurat
D:6:      layout_basic, temple_fountains
Temple:   nicolae_temple_elliptical

Skill      XL: |  1  2  3  4  5  6  7  8 |
---------------+-------------------------+-----
Axes           | 3 4 5 6 8 9 10 | 10.5
Fighting       | 4 5 6 7 |  7.5
Armour         | |  3.2
Shields        | |  3.2

Action                   |  1- 3 |  4- 6 |  7- 9 || total
-------------------------+-------+-------+-------++-------
Melee: War axe           |    99 |    98 |   109 ||   306
       Unarmed           |       |       |     5 ||     5
  Use: Scroll            |     1 |       |     7 ||     8
       Potion            |     1 |       |     5 ||     6
Armor: Scale mail        |    42 |    29 |    62 ||   133
       Skin              |       |       |     1 ||     1
Dodge: Dodged            |    39 |    33 |    53 ||   125
Block: Buckler           |    24 |    13 |    24 ||    61

Table legend: (Time is in decaauts)
 A = Elapsed time spent in this place.
 B = Non-inter-level travel time spent in this place.
 C = Inter-level travel time spent in this place.
 D = Time resting spent in this place.
 E = Time spent auto-exploring this place.
 F = Levels seen in this place.
 G = Mean time per level.
                   A        B        C        D        E       F      G
               +--------+--------+--------+--------+--------+-----+--------+
         Total |   5838 |   5669 |    169 |   1386 |   3260 |   7 |  834.0 |
       Dungeon |   5477 |   5346 |    131 |   1386 |   2955 |   6 |  912.8 |
        Temple |    360 |    322 |     38 |      0 |    305 |   1 |  360.0 |
               +--------+--------+--------+--------+--------+-----+--------+

Top non-repeatable levels by time:
     D:4: 1661 daAuts
     D:3: 1221 daAuts
     D:2: 1092 daAuts
     D:1: 734 daAuts
     D:5: 444 daAuts
  Temple: 360 daAuts
     D:6: 322 daAuts
